 Dungeon Crawl Stone Soup version 0.29.1-2-gbd0b4ee654 (webtiles) character file.

Game seed: 1738226339019289014

8845 Tiocfaidh the Frost Mage (level 11, -11/78 HPs)
             Began as a Demonspawn Ice Elementalist on Oct 28, 2022.
             Was an Initiate of Gozag.
             Mangled by an orc knight
             ... wielding a +3 long sword
              (29 damage)
             ... on level 2 of the Orcish Mines on Oct 29, 2022.
             The game lasted 01:15:02 (11843 turns).

Tiocfaidh the Frost Mage (DsIE)                    Turns: 11843, Time: 01:15:02

Health: -11/78     AC:  8    Str: 13    XL:     11   Next: 15%
Magic:  19/22      EV: 14    Int: 18    God:    Gozag
Gold:   1599       SH:  0    Dex: 15    Spells: 21/25 levels left

rFire   x . .      SeeInvis +   m - +8 mace "Beastslayer" {vorpal, rElec rC+ Str+3}
rCold   + + .      Faith    .   (no shield)
rNeg    . . .      Spirit   .   a - +0 robe
rPois   .          Reflect  .   N - +1 hat
rElec   +          Harm     .   (cloak unavailable)
rCorr   .          Rampage  .   f - +0 pair of gloves
Will    .....                   L - +0 pair of boots
Stlth   +++.......              (no amulet)
HPRegen 0.23/turn               h - ring of ice
MPRegen 0.18/turn               H - ring of see invisible

@: gold aura, freezing walls
A: molten scales 2, foul stench 1, powered by pain 1, weakness stinger 3
a: Renounce Religion, Potion Petition, Call Merchant, Bribe Branch


You were on level 2 of the Orcish Mines.
You worshipped Gozag.
Gozag was most pleased with you.
You visited 2 branches of the dungeon, and saw 11 of its levels.
You also visited: Sewer.

You collected 1910 gold pieces.
You spent 228 gold pieces at shops.
You paid 83 gold pieces to Gozag.

Inventory:

Hand Weapons
 m - the +8 mace "Beastslayer" (weapon) {vorpal, rElec rC+ Str+3}
   (You found it on level 2 of the Dungeon)

   It inflicts extra damage upon your enemies.
   Str:       It affects your strength (+3).
   rC:        It protects you from cold.
   rElec:     It insulates you from electricity.
 n - a +0 short sword
Missiles
 y - 4 silver javelins
 B - 52 poisoned darts
 M - 2 curare-tipped darts
Armour
 a - a +0 robe (worn)
 f - a +0 pair of gloves (worn)
 s - a scarf of shadows
 J - a +2 cloak
 L - a +0 pair of boots (worn)
 N - a +1 hat (worn)
Magical Staves
 K - a staff of cold
Jewellery
 h - a ring of ice (left hand)
 D - a ring of protection from fire
 H - a ring of see invisible (right hand)
 I - a ring of poison resistance
Wands
 e - a wand of charming (7)
 A - a wand of roots (12)
 O - a wand of polymorph (4)
Scrolls
 d - a scroll of magic mapping
 i - a scroll of blinking
 r - 3 scrolls of teleportation
 t - a scroll of enchant weapon {unknown}
 u - a scroll of poison
 v - 3 scrolls of amnesia
 w - 2 scrolls of brand weapon {unknown}
 x - a scroll of vulnerability {unknown}
 C - a scroll of fear
 F - a scroll of fog
Potions
 b - 2 potions of magic
 c - a potion of might {unknown}
 g - 4 potions of curing {unknown}
 j - 3 potions of mutation {unknown}
 k - 2 potions of lignification {unknown}
 l - 2 potions of berserk rage {unknown}
 o - 4 potions of resistance {unknown}
 p - 2 potions of flight {unknown}
 q - 2 potions of heal wounds {unknown}
 z - a potion of cancellation {unknown}
 E - 2 potions of brilliance {unknown}
 G - a potion of degeneration {unknown}


   Skills:
 + Level 4.9 Fighting
 + Level 7.8 Maces & Flails
 + Level 1.7 Throwing
 + Level 6.0 Dodging
 + Level 5.6 Stealth
 + Level 7.7 Spellcasting
 + Level 8.2 Ice Magic


You had 21 spell levels left.
You knew the following spells:

 Your Spells              Type           Power      Damage    Failure   Level
a - Freeze                Ice            100%       1d11      1%          1
b - Frozen Ramparts       Ice            100%       1d16      1%          3

Your spell library contained the following spells:

 Spells                   Type           Power      Damage    Failure   Level
 Ozocubu's Armour         Ice            53%        N/A       1%          3
 Ensorcelled Hibernation  Hex/Ice        64%        N/A       2%          2
 Necrotise                Necr           24%        1d5       10%         1
 Slow                     Hex            24%        N/A       10%         1
 Sublimation of Blood     Necr           6%         N/A       16%         2
 Wereblood                Tmut           6%         N/A       16%         2
 Hailstorm                Conj/Ice       32%        3d8       19%         4
 Confusing Touch          Hex            6%         N/A       30%         3
 Gell's Gravitas          Tloc           6%         N/A       30%         3
 Lesser Beckoning         Tloc           6%         N/A       30%         3
 Portal Projectile        Hex/Tloc       12%        N/A       30%         3
 Spider Form              Tmut/Pois      6%         N/A       30%         3
 Teleport Other           Tloc           6%         N/A       30%         3
 Tukima's Dance           Hex            6%         N/A       30%         3
 Vampiric Draining        Necr           6%         2d6       30%         3
 Anguish                  Hex/Necr       3%         N/A       69%         4
 Olgreb's Toxic Radiance  Pois           6%         N/A       69%         4
 Agony                    Necr           6%         N/A       95%         5
 Blade Hands              Tmut           3%         N/A       95%         5
 Fireball                 Conj/Fire      3%         3d4       95%         5
 Iskenderun's Battlesphe  Conj           6%         2d6       95%         5
 Ozocubu's Refrigeration  Ice            26%        4d13      96%         7
 Conjure Ball Lightning   Conj/Air       3%         3x3d6     100%        6
 Orb of Destruction       Conj           3%         9d5       100%        7
 Summon Hydra             Summ           3%         N/A       100%        7
 Ignition                 Fire           3%         3d4       100%        8


Dungeon Overview and Level Annotations

Branches:
Dungeon (9/15)             Temple (0/1) D:7            Lair (0/5) D:9
    Orc (2/2) D:9             Elf (0/3) Orc:2         Sewer (visited)

Altars:
Gozag
Kikubaaqudgha
Ru
Trog
Vehumet
Wu Jian

Shops:
D:1 [*[[[   D:8 !   Orc:2 !

Annotations:
D:6 1 transporter


Innate Abilities, Weirdness & Mutations

You are mostly covered in molten scales. (AC +3)
You may rarely emit foul miasma when damaged in melee.
You sometimes gain a little power by taking damage.
You have a sharp stinger which inflicts weakening toxins.


Message History

The frozen ramparts melt away.
You hear a shout!
The orc knight hits you with a +3 long sword.
The orc knight shoots a bolt.
The bolt hits you!
* * * LOW HITPOINT WARNING * * *
You hear a shout! x2
Blink to where?
Press: ? - help, Dir - move target, p - orc knight
As you read the scroll of blinking, it crumbles to dust.
You hear a shout!
An orc warrior comes into view. It is wielding a +0 flail.
You hear a shout! x2
You hear a shout!
Casting: Frozen Ramparts (safe; 1% risk of failure)
Confirm with . or Enter, or press ? or * to list all spells.
Casting: Frozen Ramparts (safe; 1% risk of failure)
Press: ? - help, Dir - look around, f - activate You feel a surge of power!
The walls around you are covered in ice.
The wall freezes the orc warrior!
The wall freezes the orc warrior.
You hit the orc warrior.
The orc warrior is severely wounded.
The wall freezes the orc warrior but does no damage.
The orc warrior closely misses you.
The wall freezes the orc knight!
You sock the orc warrior!
You tail-slap the orc warrior, but do no damage.
The orc warrior is almost dead.
The wall freezes the orc knight.
The wall freezes the orc warrior but does no damage.
The orc warrior hits you with a +0 flail.
* * * LOW HITPOINT WARNING * * *
The orc knight roars a battlecry!
The orc knight goes into a battle-frenzy!
You hit the orc warrior.
You kill the orc warrior!
The wall freezes the orc knight but does no damage.
The orc knight hits you with a +3 long sword!!
You die...
Your body crumbles into a pile of gold.

#.. ... ##.$## ... #..$.#
#.#......#ยง# #.#...o.##o#
#.#.oo###..# #.######..##
...####.####...##
#........$@o###
######.######
########.############
#...................#
#...................#
##...................##
####....#............#...#
.##.....................##
........................###


You could see 2 orc knights.

Vanquished Creatures
  Gastronok (D:9)
  Erica (D:9)
  2 cyclopes (Orc:2)
  An elephant (D:9)
  Sigmund (D:5)
  A shadow (D:9)
  Eustachio (D:5)
  A wyvern (D:9)
  A yak (D:9)
  2 basilisks (D:9)
  2 steam dragons
  Menkaure (D:7)
  An ice beast (D:7)
  9 orc warriors
  3 ogres
  4 centaurs
  10 kobold brigands
  4 bullfrogs
  A necrophage (D:5)
  3 gnoll sergeants
  6 scorpions
  2 howler monkeys (D:9)
  16 orc priests
  Crazy Yiuf (D:5)
  2 hounds
  3 jellies
  2 gnoll boudas
  3 iguanas
  9 orc wizards
  29 gnolls
  10 adders
  A river rat (Sewer)
  2 shadow imps
  3 white imps
  An ufetubus (D:4)
  6 worms
  2 dart slugs
  56 orcs
  12 endoplasms
  5 giant cockroaches
  6 goblins
  6 hobgoblins
  6 jackals
  7 quokkas
  11 ball pythons
  4 bats (D:1)
  2 frilled lizards (D:1)
  27 kobolds
  11 rats
301 creatures vanquished.

Vanquished Creatures (others)
  A wizard (D:4)
  A fungus (D:9)
  2 plants
4 creatures vanquished.

Grand Total: 305 creatures vanquished

Notes
Turn   | Place    | Note
-------+----------+-------------------------------------------
     0 | D:1      | Tiocfaidh the Demonspawn Ice Elementalist began the quest
                  | for the Orb.
     0 | D:1      | Reached XP level 1. HP: 13/13 MP: 3/3
    56 | D:1      | Found Burhixzi's Armour Shoppe.
   388 | D:1      | Gained mutation: You are partially covered in molten
                  | scales. (AC +2) [demonic ancestry]
   388 | D:1      | Reached XP level 2. HP: 19/19 MP: 1/5
   392 | D:1      | Found a faded altar of an unknown god.
   508 | D:1      | You fall into a shaft and drop 1 floor!
   552 | D:2      | Reached skill level 4 in Ice Magic
   747 | D:2      | Gained mutation: You have a small tail. [demonic ancestry]
   747 | D:2      | Reached XP level 3. HP: 24/24 MP: 2/6
   967 | D:1      | Found Zicreum's Antique Armour Shop.
  1151 | D:1      | Learned a level 3 spell: Frozen Ramparts
  1175 | D:1      | Found Zeapei's Assorted Antiques.
  1216 | D:1      | Found Miorrouw's Antique Armour Boutique.
  1221 | D:1      | Found Fuff's Armour Shop.
  1767 | D:2      | Identified the +8 mace "Beastslayer" {vorpal, rElec rC+
                  | Str+3}
  1835 | D:2      | Gained mutation: You are mostly covered in molten scales.
                  | (AC +3) [demonic ancestry]
  1835 | D:2      | Reached XP level 4. HP: 30/30 MP: 8/8
  2425 | D:3      | Reached XP level 5. HP: 36/36 MP: 5/9
  2428 | D:3      | Found a sacrificial altar of Ru.
  2825 | D:4      | Reached skill level 1 in Maces & Flails
  2876 | D:4      | Reached skill level 1 in Fighting
  2876 | D:4      | Gained mutation: You sometimes gain a little power by
                  | taking damage. [demonic ancestry]
  2876 | D:4      | Reached XP level 6. HP: 43/43 MP: 7/11
  2965 | D:4      | Found a bloodstained altar of Trog.
  2967 | D:4      | Noticed a wizard
  2972 | D:4      | Killed a wizard
  2997 | D:4      | Reached skill level 5 in Ice Magic
  3584 | D:5      | Entered Level 5 of the Dungeon
  3651 | D:5      | Noticed Sigmund
  3700 | D:5      | Killed Sigmund
  3701 | D:5      | Gained mutation: You have a tail ending in a sharp stinger.
                  | [demonic ancestry]
  3701 | D:5      | Reached XP level 7. HP: 36/48 MP: 6/13
  3731 | D:5      | Noticed Eustachio
  3920 | D:5      | Found a glowing drain.
  3928 | Sewer    | Entered a sewer
  4466 | Sewer    | Reached XP level 8. HP: 46/56 MP: 14/14
  4874 | D:5      | Found a runed translucent door.
  4875 | D:5      | Noticed Crazy Yiuf
  4883 | D:5      | Killed Crazy Yiuf
  5048 | D:5      | Killed Eustachio
  5049 | D:5      | Reached skill level 5 in Maces & Flails
  5099 | D:5      | Found an opulent altar of Gozag.
  5123 | D:5      | Became a worshipper of Gozag Ym Sagoz the Greedy
  5135 | D:5      | Found a radiant altar of Vehumet.
  5236 | D:6      | Reached skill level 5 in Spellcasting
  5260 | D:6      | Found a transporter.
  5375 | D:6      | Reached XP level 9. HP: 63/63 MP: 12/16
  5383 | D:6      | Reached skill level 6 in Ice Magic
  5390 | D:6      | Reached skill level 1 in Throwing
  5416 | D:6      | Found a transporter.
  5516 | D:6      | Identified the +7 bardiche of Defilement {vorpal, rPois rN+
                  | Dex-2 Stlth+}
  5864 | D:1      | Bought an embroidered cloak for 180 gold pieces
  5864 | D:1      | Bought a scroll of identify for 48 gold pieces
  6364 | D:7      | Noticed Menkaure
  6381 | D:7      | Killed Menkaure
  6903 | D:7      | Found a staircase to the Ecumenical Temple.
  6922 | D:7      | Reached skill level 5 in Stealth
  8264 | D:8      | Found Keylyerph's Distillery.
  8302 | D:8      | Found an ancient bone altar of Kikubaaqudgha.
  8305 | D:8      | Found an ornate altar of the Wu Jian Council.
  8808 | D:9      | Noticed an elephant
  8825 | D:9      | Reached skill level 7 in Ice Magic
  8825 | D:9      | Gained mutation: You may rarely emit foul miasma when
                  | damaged in melee. [demonic ancestry]
  8825 | D:9      | Reached XP level 10. HP: 69/71 MP: 15/18
  8852 | D:9      | Found a staircase to the Lair.
  8963 | D:9      | Noticed Gastronok
  8975 | D:9      | Killed Gastronok
  8976 | D:9      | Reached skill level 5 in Dodging
  9627 | D:9      | Noticed Erica
  9910 | D:9      | Found a staircase to the Orcish Mines.
 10294 | D:9      | Killed an elephant
 10296 | D:9      | Killed Erica
 10297 | D:9      | Reached skill level 8 in Ice Magic
 10729 | Orc:1    | Entered Level 1 of the Orcish Mines
 10776 | Orc:2    | Entered Level 2 of the Orcish Mines
 10776 | Orc:2    | Noticed a cyclops
 10787 | Orc:2    | Killed a cyclops
 10788 | Orc:2    | Gained mutation: You have a sharp stinger which inflicts
                  | weakening toxins. [demonic ancestry]
 10788 | Orc:2    | Reached XP level 11. HP: 65/78 MP: 18/22
 11744 | Orc:2    | Found a staircase to the Elven Halls.
 11821 | Orc:2    | Found Lesem's Distillery.
 11822 | Orc:2    | Noticed an orc knight
 11834 | Orc:2    | Noticed an orc knight
 11843 | Orc:2    | Mangled by an orc knight

Illustrated notes

Levels and vault maps discovered:
D:1:      minmay_arrival_open_corners, layout_basic, serial_shops,
          nicolae_shop_overgrown_old_shop, nicolae_shop_overgrown_old_shop,
          shop, nicolae_shop_window_shopping, nicolae_shop_advertising_works
          [nicolae_subvault_shop_adworks], hellmonk_ecumenical_altar_dog_temple,
          roderic_lattice_a, hangedman_decor_push, serial_park_tiny_2,
          minivault_25, corexii_hall_statues_i
D:2:      layout_basic, minmay_misc_feat_ornament
D:3:      layout_basic, mainiacjoe_overflow_tiny_flanked, minivault_14,
          st_stairs_14, minmay_misc_feat_five, nrook_uturn, grunt_ministairs_5
D:4:      layout_cave_pools, trog_wizard, kennysheep_potato
D:5:      layout_rooms, mainiacjoe_overflow_swirl, gup_sewer_entry_bubbles,
          uniq_eustachio, uniq_crazy_yiuf_cottage, uniq_sigmund
D:6:      gammafunk_steamed_eel, layout_rooms
D:7:      layout_basic, minmay_temple_entry_mist, uniq_menkaure
D:8:      layout_basic, minmay_overflow_temple_star_quad, special_room
          [special_room_orc], serial_shops, shop
D:9:      layout_loops_ring, david_lair_generic, david_orc_2, uniq_erica,
          uniq_gastronok
Orc:1:    minmay_goldmine, layout_diamond_mine, lightli_orcish_oven
Orc:2:    st_orc_elflike, layout_caves, minmay_orc_temple_a, uniq_azrael

Skill      XL: |  1  2  3  4  5  6  7  8  9 10 11 |
---------------+----------------------------------+-----
Stealth        | 2 3 4 5 |  5.6
Ice Magic      | 4 5 7 8 |  8.2
Dodging        | 2 3 4 5 6 |  6.0
Spellcasting   | 3 4 5 7 |  7.7
Maces & Flails | 1 3 5 6 7 |  7.8
Fighting       | 1 3 4 |  4.9
Throwing       | 1 |  1.7

Action                   |  1- 3 |  4- 6 |  7- 9 | 10-12 || total
-------------------------+-------+-------+-------+-------++-------
Melee: Dagger            |    29 |       |       |       ||    29
       Tailslap          |     3 |     5 |    22 |    17 ||    47
       Mace              |     1 |    71 |   251 |    94 ||   417
       Punch             |       |       |     1 |       ||     1
Throw: Javelin           |       |     4 |     2 |     3 ||     9
       Dart              |       |       |     2 |    16 ||    18
 Cast: Freeze            |    44 |     2 |       |     1 ||    47
       Frozen Ramparts   |     1 |    13 |    26 |    28 ||    68
Evoke: Wand              |       |       |       |     1 ||     1
  Use: Scroll            |       |       |    10 |     2 ||    12
 Stab: Sleeping          |     5 |     5 |     8 |       ||    18
       Distracted        |       |       |     1 |     1 ||     2
Armor: Robe              |    12 |    15 |    83 |    31 ||   141
Dodge: Dodged            |    39 |    43 |   171 |    58 ||   311
